 Dungeon Crawl Stone Soup version 0.28.0-45-g0d030f2227 (webtiles) character file.

Game seed: 1282736937546299334

5 GigaChad the Insei (level 1, 0/17 HPs)
             Began as a Djinni Transmuter on Apr 14, 2022.
             Was a Follower of Uskayaw.
             Slain by a jackal (3 damage)
             ... on level 2 of the Dungeon.
             The game lasted 00:00:58 (412 turns).

GigaChad the Insei (Djinni Transmuter)               Turns: 412, Time: 00:00:59

Health: 0/17       AC:  2    Str:  9    XL:     1   Next: 88%
Gold:   13         EV: 12    Int: 14    God:    Uskayaw [*.....] SH:  0 Dex: 13

rFire   + + .      SeeInvis .     - Unarmed
rCold   x . .      Faith    .   (no shield)
rNeg    . . .      Spirit   .   a - +0 robe
rPois   ∞          Reflect  .   (no helmet)
rElec   .          Harm     .   (no cloak)
rCorr   .          Rampage  .   (no gloves)
Will    .....                   (boots unavailable)
Stlth   +.........              (no amulet)
HPRegen 0.05/turn               (no ring)
MPRegen 0.00/turn               (no ring)

@: flying
A: sickness immunity, fire resistance 2, cold vulnerability 1, float, innate
caster, HP casting, extra vitality 1
a: Renounce Religion, Stomp


You were on level 2 of the Dungeon.
You worshipped Uskayaw.
Uskayaw was noncommittal.
You visited 1 branch of the dungeon, and saw 2 of its levels.

You collected 13 gold pieces.

Inventory:

Hand Weapons
 b - a +0 short sword
Armour
 a - a +0 robe (worn)
Scrolls
 c - a scroll of teleportation {unknown}


   Skills:
 + Level 1.0 Fighting
 + Level 2.2 Dodging
 + Level 3.2 Unarmed Combat
 + Level 1.7 Spellcasting


You couldn't memorise any spells.
You knew the following spells:

 Your Spells              Type           Power      Damage    Failure   Level
a - Beastly Appendage     Tmut           12%        N/A       12%         1
b - Wereblood             Tmut           6%         N/A       19%         2
c - Spider Form           Tmut/Pois      6%         N/A       34%         3
d - Ice Form              Ice/Tmut       6%         N/A       75%         4
Your spell library was empty.

Dungeon Overview and Level Annotations

Branches:
Dungeon (2/15)

Altars:
Uskayaw


Innate Abilities, Weirdness & Mutations

You are immune to sickness and miasma.
You are immune to poison.
Your flesh is very heat resistant. (rF++)
You are vulnerable to cold. (rC-)
You float through the air rather than walking.
You learn spells naturally, not from books.
Your magical power is your life essence.
You have superior vitality. (+4 MHP)


Message History

You fly downwards.
There is a stone staircase leading up here.
A frilled lizard comes into view.
The frilled lizard hisses angrily.
The frilled lizard closely misses you.
You hit the frilled lizard but do no damage.
The frilled lizard bites you.
You barely miss the frilled lizard. You completely miss the frilled lizard.
The frilled lizard closely misses you.
You hit the frilled lizard.
You kill the frilled lizard!
An endoplasm, an adder and a jackal come into view.
The endoplasm quivers.
The adder barely misses you.
You hit the adder.
The adder is moderately wounded.
The adder barely misses you.
You closely miss the adder.
The adder is moderately wounded.
The adder closely misses you. The endoplasm closely misses you.
The adder misses you.
You closely miss the adder.
The adder is moderately wounded.
The endoplasm freezes you.
You are frozen.
You feel a terrible chill! The adder barely misses you.
You miss the adder. Your punch misses the adder.
The adder is moderately wounded.
The jackal bites you but does no damage.
The adder closely misses you. The endoplasm freezes you.
You are frozen.
You miss the adder.
The adder is moderately wounded.
The jackal barely misses you. The adder bites you.
* * * LOW HITPOINT WARNING * * *
The endoplasm freezes you.
You are frozen.
* * * LOW HITPOINT WARNING * * *
The jackal bites you.
You die...

.## #.# #.
#.# #. #.#
#.# #.#
.######.##
....h....#
..#####Jh#
#@.# #S.#
#..# #..#
#..# #..#
#..# #..#


You could see an adder, an endoplasm and a jackal.

Vanquished Creatures
  An endoplasm (D:1)
  A kobold (D:1)
  A ball python (D:1)
  A frilled lizard (D:2)
  2 rats (D:1)
6 creatures vanquished.

Vanquished Creatures (others)
  A fungus (D:1)
  4 plants (D:1)
5 creatures vanquished.

Grand Total: 11 creatures vanquished

Notes
Turn   | Place    | Note
-------+----------+-------------------------------------------
     0 | D:1      | GigaChad the Djinni Transmuter began the quest for the Orb.
     0 | D:1      | Reached XP level 1. HP: 17/17 MP: 0/0
    48 | D:1      | Found a faded altar of an unknown god.
   317 | D:1      | Prayed at the altar of an unknown god.
   317 | D:1      | Became a worshipper of Uskayaw the Reveller
   317 | D:1      | Reached * piety under Uskayaw
   412 | D:2      | Slain by a jackal

Illustrated notes

Levels and vault maps discovered:
D:1:      minmay_arrival_nine_rooms, layout_rooms,
          shapermc_ecumenical_altar_ellora, minmay_misc_feat_tiny
D:2:      layout_loops_ring, serial_shops,
          nicolae_shop_temple_entry_statues_fountains,
          minmay_misc_feat_diagonals

Action                   || total
-------------------------++-------
Melee: Unarmed           ||    48
       Headbutt          ||     1
       Punch             ||     1
 Cast: Beastly Appendage ||     1
Armor: Robe              ||     4
Dodge: Dodged            ||    16
